 Dungeon Sprint DCSS version 0.17.2-1-ge4368a0 (webtiles) character file.

33515 hexophile the Acrobat (level 13, 38/81 HPs)
             Began as a Spriggan Monk on May 4, 2017.
             Was an Elder of Nemelex Xobeh.
             Got out of the dungeon alive.
             The game lasted 00:22:10 (11896 turns).

hexophile the Acrobat (Spriggan Monk)              Turns: 11896, Time: 00:22:10

Health: 38/81      AC:  5    Str: 11    XL:     13   Next: 37%
Magic:  25/25      EV: 38    Int: 12    God:    Nemelex Xobeh [****..]
Gold:   130        SH:  0    Dex: 19    Spells: 0 memorised, 12 levels left

rFire  + . .     SeeInvis +     m - +2 rapier (elec)
rCold  + . .     Clarity  .     z - +2 robe {MR+} {MR+}
rNeg   . . .     SustAt   .     (shield restricted)
rPois  .         Gourm    .     (helmet restricted)
rElec  .         Spirit   +     y - +0 cloak
rCorr  .         Warding  .     (gloves unavailable)
rMut   .         NoTele   +     (boots unavailable)
MR     +++..                    E - amulet of guardian spirit {Spirit}
Stlth  ++++++++..               G - ring of protection from fire {rF+}
                                F - ring of protection from cold {rC+}

@: very quick, extremely resistant to hostile enchantments, extraordinarily
stealthy
A: unfitting armour, see invisible, herbivore 3, speed 3, slow metabolism 2
a: Triple Draw, Deal Four, Renounce Religion


You escaped.
You worshipped Nemelex Xobeh.
Nemelex Xobeh was greatly pleased with you.
You were not hungry.

You visited 1 branch You collected 1910 gold pieces.
You spent 1780 gold pieces at shops.


Innate Abilities, Weirdness & Mutations

You are tiny and cannot use many weapons and most armour.
You have supernaturally acute eyesight.
You are a herbivore.
You cover ground extremely quickly.
You need consume almost no food.

Inventory:

Hand Weapons
 b - a +1 lajatang
 m - a +2 rapier of electrocution (weapon)
Armour
 a - the +7 fire dragon armour of the Pleiades {*Confuse rF++ rC- MP+9 Dex+2 Stlth+, rF++ rC-}
   (You bought it in a shop in the Dungeon)

   It affects your dexterity (+2).
   It greatly protects you from fire.
   It makes you vulnerable to cold.
   It affects your magic capacity (+9).
   It may confuse you when you take damage.
   It makes you more stealthy.
 y - a +0 cloak (worn)
 z - a +2 robe of magic resistance (worn) {MR+}
 B - a +1 storm dragon armour {rElec}
Magical Staves
 k - an uncursed staff of energy {channel}
Jewellery
 n - a +2 ring of protection
 o - a +3 ring of dexterity
 u - an uncursed ring of magical power {MP+9}
 E - an amulet of guardian spirit (around neck) {Spirit}
 F - a ring of protection from cold (left hand) {rC+}
 G - a ring of protection from fire (right hand) {rF+}
Wands
 j - a wand of fire (2)
Scrolls
 h - a scroll of blinking
 i - 3 scrolls of remove curse
 l - 2 scrolls of amnesia
 v - 9 scrolls of enchant armour
 w - 2 scrolls of fog
 x - a scroll of recharging
Potions
 c - a potion of resistance {rF+ rC+ rPois rElec rCorr}
 e - 5 potions of heal wounds
 f - 4 potions of magic
 g - 4 potions of curing
 D - a potion of brilliance {Archmagi Int+5 Wiz++}
Comestibles
 p - 40 fruits
 q - 12 meat rations
 r - 11 bread rations


You had 12 spell levels left.
You didn't know any spells.


   Skills:
 * Level 15.2 Fighting
 * Level 17.9 Short Blades
 - Level 5.8 Armour
 * Level 23.4 Dodging
 + Level 17.8 Stealth
 - Level 5.9 Unarmed Combat
 + Level 15.2 Evocations

Dungeon Overview and Level Annotations

Branches:
Dungeon (1/1)

Altars:
Cheibriados
Dithmenos
Elyvilon
Fedhas
Gozag
Kikubaaqudgha
Makhleb
Nemelex Xobeh
Okawaru
Qazlal
Ru
Sif Muna
Trog
Vehumet
Xom
Yredelemnul
Zin
The Shining One
Beogh
Jiyva
Lugonu

Shops:
D (:**

Annotations:
D Mennas

Vault maps used:
D:        linesprint
There     were no monsters in sight!


Message History

Restored 2 HP.
You have now: 18/81 HP.
Mennas gestures at you.
There is an open door here.
There is an open door here.
Things that are here:
a shortbow; 21 arrows
Things that are here:
a falchion of protection; a robe
There is an open door to the Dungeon, spattered with blood here.
You see here a +1 chain mail.
You see here a +0 helmet.
You see here a +0 pair of boots.
Items here: ))))) a +2 scimitar of holy wrath; a +4 quarterstaff of speed a +2 halberd of protection; a +2 morningstar of freezing a +3 war axe of freezing
There is an open door here.
There is a sacrificial altar of Ru here.
There is an opulent altar of Gozag here.
There is a stormy altar of Qazlal here.
There is a shadowy altar of Dithmenos here.
There is a snail-covered altar of Cheibriados here.
There is a blossoming altar of Fedhas here.
There is a corrupted altar of Lugonu here.
There is a viscous altar of Jiyva here.
There is a roughly hewn altar of Beogh here.
There is a white marble altar of Elyvilon here.
There is a sparkling altar of Nemelex Xobeh here.
There is a bloodstained altar of Trog here.
There is a deep blue altar of Sif Muna here.
There is a burning altar of Makhleb here.
There is an iron altar of Okawaru here.
There is a radiant altar of Vehumet here.
There is a shimmering altar of Xom here.
There is a basalt altar of Yredelemnul here.
There is an ancient bone altar of Kikubaaqudgha here.
There is a glowing golden altar of the Shining One here.
There is a glowing silver altar of Zin here.
There is an open door to the Temple here.
Things that are here:
an uncursed shortbow; 18 arrows
There is an open door here.
You see here a dagger.
Things that are here:
an arrow; a club
There is an open door to the Dungeon here.
There is a staircase leading out of the dungeon here.
You can't go down here!
Are you sure you want to leave the Dungeon?
This will make you lose the game!
You have escaped!

Action                   |  1- 3 |  4- 6 |  7- 9 | 10-12 | 13-15 || total
-------------------------+-------+-------+-------+-------+-------++-------
Melee: Unarmed           |    36 |    10 |       |       |       ||    46
       Rapier            |       |    21 |    71 |   440 |   174 ||   706
Evoke: Deck              |       |     2 |    11 |    28 |     3 ||    44
       Wand              |       |       |       |       |     5 ||     5
  Use: Potion            |     3 |     1 |       |       |    10 ||    14
       Scroll            |       |       |       |     3 |     1 ||     4
 Stab: Sleeping          |       |     2 |       |     2 |     4 ||     8
       Invisible         |       |       |     6 |       |       ||     6
       Distracted        |       |       |       |     1 |       ||     1
       Confused          |       |       |       |     3 |       ||     3
  Eat: Bread ration      |       |       |       |     2 |       ||     2

Notes
Turn   | Place    | Note
--------------------------------------------------------------
     0 | D        | hexophile the Spriggan Monk began the quest for the Orb.
     0 | D        | Reached XP level 1. HP: 11/11 MP: 2/2
    19 | D        | Reached skill level 5 in Dodging
   239 | D        | Noticed a crimson imp
   239 | D        | Noticed a centaur
   239 | D        | Noticed a worker ant
   246 | D        | Killed a crimson imp
   246 | D        | Reached skill level 3 in Fighting
   246 | D        | Reached skill level 6 in Dodging
   246 | D        | Reached skill level 4 in Unarmed Combat
   246 | D        | Reached XP level 2. HP: 13/17 MP: 3/3
   246 | D        | Reached XP level 3. HP: 16/21 MP: 4/4
   265 | D        | Killed a centaur
   265 | D        | Reached skill level 5 in Fighting
   265 | D        | Reached skill level 8 in Dodging
   265 | D        | Reached skill level 5 in Unarmed Combat
   265 | D        | Reached XP level 4. HP: 15/27 MP: 5/5
   279 | D        | Reached skill level 9 in Dodging
   282 | D        | Killed a worker ant
   282 | D        | Reached XP level 5. HP: 24/30 MP: 6/6
   288 | D        | Found a glowing silver altar of Zin.
   288 | D        | Found a glowing golden altar of the Shining One.
   288 | D        | Found an ancient bone altar of Kikubaaqudgha.
   288 | D        | Found a basalt altar of Yredelemnul.
   288 | D        | Found a shimmering altar of Xom.
   288 | D        | Found a radiant altar of Vehumet.
   289 | D        | Found an iron altar of Okawaru.
   290 | D        | Found a burning altar of Makhleb.
   291 | D        | Found a deep blue altar of Sif Muna.
   292 | D        | Found a bloodstained altar of Trog.
   293 | D        | Found a sparkling altar of Nemelex Xobeh.
   307 | D        | Found a white marble altar of Elyvilon.
   423 | D        | Found a roughly hewn altar of Beogh.
   424 | D        | Found a viscous altar of Jiyva.
   425 | D        | Found a corrupted altar of Lugonu.
   426 | D        | Found a blossoming altar of Fedhas.
   427 | D        | Found a snail-covered altar of Cheibriados.
   428 | D        | Found a shadowy altar of Dithmenos.
   429 | D        | Found a stormy altar of Qazlal.
   430 | D        | Found an opulent altar of Gozag.
   431 | D        | Found a sacrificial altar of Ru.
   477 | D        | Became a worshipper of Nemelex Xobeh the Trickster
   477 | D        | Received a gift from Nemelex Xobeh
   477 | D        | Reached * piety under Nemelex Xobeh
   477 | D        | Received a gift from Nemelex Xobeh
   477 | D        | Reached ** piety under Nemelex Xobeh
   521 | D        | Noticed a wight
   521 | D        | Noticed a crimson imp
   521 | D        | Noticed a giant frog
   521 | D        | Noticed a quasit
   530 | D        | Killed a wight
   530 | D        | Reached skill level 2 in Short Blades
   530 | D        | Reached skill level 10 in Dodging
   530 | D        | Reached skill level 2 in Evocations
   533 | D        | Killed a crimson imp
   533 | D        | Reached skill level 6 in Fighting
   533 | D        | Reached skill level 3 in Short Blades
   533 | D        | Reached skill level 4 in Stealth
   536 | D        | Killed a giant frog
   536 | D        | Reached skill level 5 in Stealth
   536 | D        | Reached skill level 3 in Evocations
   536 | D        | Reached XP level 6. HP: 20/37 MP: 6/9
   541 | D        | Killed a quasit
   541 | D        | Reached skill level 4 in Short Blades
   541 | D        | Reached skill level 11 in Dodging
   689 | D        | Noticed a crocodile
   689 | D        | Noticed a troll
   689 | D        | Noticed a wyvern
   689 | D        | Noticed an ice beast
   689 | D        | Noticed a worker ant
   689 | D        | Noticed a centaur
   693 | D        | Killed a crocodile
   693 | D        | Reached skill level 5 in Short Blades
   693 | D        | Reached skill level 6 in Stealth
   693 | D        | Reached skill level 4 in Evocations
   699 | D        | Killed a troll
   699 | D        | Reached skill level 7 in Fighting
   701 | D        | Killed an ice beast
   701 | D        | Reached skill level 12 in Dodging
   701 | D        | Reached XP level 7. HP: 40/42 MP: 9/11
   701 | D        | Killed a worker ant
   701 | D        | Reached skill level 6 in Short Blades
   707 | D        | Killed a wyvern
   707 | D        | Reached skill level 7 in Stealth
   707 | D        | Reached skill level 5 in Evocations
   710 | D        | Killed a centaur
   794 | D        | Received a gift from Nemelex Xobeh
   830 | D        | Noticed a blink frog
   830 | D        | Noticed a water moccasin
   830 | D        | Noticed a spiny frog
   830 | D        | Noticed a water moccasin
   830 | D        | Noticed a spiny frog
   831 | D        | Killed a blink frog
   831 | D        | Reached skill level 8 in Fighting
   831 | D        | Reached skill level 7 in Short Blades
   831 | D        | Reached skill level 1 in Armour
   831 | D        | Reached skill level 8 in Stealth
   832 | D        | Killed a water moccasin
   832 | D        | Reached skill level 2 in Armour
   832 | D        | Reached skill level 13 in Dodging
   832 | D        | Reached skill level 6 in Evocations
   833 | D        | Noticed a crocodile
   842 | D        | Killed a spiny frog
   842 | D        | Reached XP level 8. HP: 46/48 MP: 13/13
   851 | D        | Killed a water moccasin
   851 | D        | Reached skill level 8 in Short Blades
   853 | D        | Noticed a giant frog
   864 | D        | Noticed a fire drake
   865 | D        | Killed a spiny frog
   865 | D        | Reached skill level 3 in Armour
   865 | D        | Reached skill level 9 in Stealth
   874 | D        | Killed a crocodile
   874 | D        | Reached skill level 14 in Dodging
   874 | D        | Reached skill level 7 in Evocations
   877 | D        | Killed a giant frog
   883 | D        | Killed a fire drake
   883 | D        | Reached skill level 9 in Fighting
   883 | D        | Reached skill level 9 in Short Blades
  1021 | D        | Noticed a yak
  1021 | D        | Noticed a giant frog
  1021 | D        | Noticed an elephant
  1021 | D        | Noticed a komodo dragon
  1024 | D        | Noticed a spiny frog
  1027 | D        | Noticed a porcupine
  1029 | D        | Killed a giant frog
  1029 | D        | Reached skill level 4 in Armour
  1032 | D        | Killed a yak
  1032 | D        | Reached XP level 9. HP: 42/53 MP: 15/15
  1033 | D        | Noticed a porcupine
  1046 | D        | Killed an elephant
  1046 | D        | Reached skill level 10 in Stealth
  1048 | D        | Killed a komodo dragon
  1048 | D        | Reached skill level 10 in Short Blades
  1048 | D        | Reached skill level 15 in Dodging
  1048 | D        | Reached skill level 8 in Evocations
  1052 | D        | Killed a spiny frog
  1052 | D        | Reached skill level 5 in Armour
  1053 | D        | Killed a porcupine
  1055 | D        | Killed a porcupine
  1314 | D        | Noticed a wolf
  1314 | D        | Noticed a wolf
  1314 | D        | Noticed a hell hound
  1314 | D        | Noticed a warg
  1317 | D        | Noticed a hell hound
  1325 | D        | Killed a hell hound
  1326 | D        | Noticed a warg
  1336 | D        | Killed a warg
  1336 | D        | Killed a hell hound
  1336 | D        | Reached skill level 10 in Fighting
  1336 | D        | Killed a wolf
  1521 | D        | Killed a wolf
  1531 | D        | Killed a warg
  1536 | D        | Killed a wolf
  1689 | D        | Noticed a wolf
  1694 | D        | Killed a wolf
  1694 | D        | Reached skill level 11 in Stealth
  1694 | D        | Reached XP level 10. HP: 59/59 MP: 17/17
  1732 | D        | Noticed Erica
  1747 | D        | Killed Erica
  1747 | D        | Reached skill level 11 in Short Blades
  1747 | D        | Reached skill level 16 in Dodging
  1747 | D        | Reached skill level 9 in Evocations
  1764 | D        | Noticed Eustachio
  1779 | D        | Killed Eustachio
  1790 | D        | Reached *** piety under Nemelex Xobeh
  1790 | D        | Received a gift from Nemelex Xobeh
  1842 | D        | Noticed an orc priest
  1842 | D        | Noticed an orc priest
  1842 | D        | Noticed an orc priest
  1842 | D        | Noticed an orc wizard
  1842 | D        | Noticed an orc wizard
  1845 | D        | Noticed an orc wizard
  1851 | D        | Killed an orc priest
  1852 | D        | Killed an orc priest
  1853 | D        | Noticed an orc warrior
  1856 | D        | Killed an orc priest
  1858 | D        | Killed an orc wizard
  1860 | D        | Killed an orc wizard
  1864 | D        | Killed an orc wizard
  1866 | D        | Noticed an orc wizard
  1869 | D        | Noticed an orc wizard
  1873 | D        | Killed an orc wizard
  1875 | D        | Killed an orc warrior
  1879 | D        | Noticed an orc wizard
  1885 | D        | Killed an orc wizard
  1889 | D        | Killed an orc wizard
  2051 | D        | Noticed an orc warrior
  2051 | D        | Noticed an orc warrior
  2051 | D        | Noticed an orc knight
  2051 | D        | Noticed an orc warrior
  2051 | D        | Noticed an orc sorcerer
  2057 | D        | an orc warrior changed into an iguana
  2057 | D        | Noticed a manticore
  2057 | D        | an orc knight changed into a manticore
  2057 | D        | an orc warrior changed into a steam dragon
  2057 | D        | an orc sorcerer changed into a yaktaur
  2066 | D        | Killed a manticore
  2067 | D        | Noticed an orc priest
  2070 | D        | Noticed an orc warrior
  2076 | D        | Reached skill level 12 in Short Blades
  2076 | D        | Reached skill level 17 in Dodging
  2076 | D        | Reached skill level 12 in Stealth
  2076 | D        | Reached skill level 10 in Evocations
  2087 | D        | an orc warrior changed into a giant frog
  2087 | D        | an orc warrior changed into a wasp
  2087 | D        | an orc priest changed into a river rat
  2091 | D        | Noticed an orc warrior
  2093 | D        | Noticed an orc warrior
  2116 | D        | Killed an orc warrior
  2116 | D        | Reached skill level 11 in Fighting
  2121 | D        | Killed an orc warrior
  2273 | D        | Found Hituppah's Antique Weapon Emporium.
  2273 | D        | Noticed a hill giant
  2273 | D        | Noticed a deep troll
  2273 | D        | Noticed a deep troll
  2273 | D        | Noticed a hill giant
  2273 | D        | Noticed a hill giant
  2274 | D        | Noticed Wuodwo the pandemonium lord
  2275 | D        | Noticed a troll
  2282 | D        | Killed a hill giant
  2284 | D        | Killed a deep troll
  2291 | D        | Noticed a deep troll
  2293 | D        | Killed a deep troll
  2296 | D        | Killed a hill giant
  2302 | D        | Killed a hill giant
  2305 | D        | Killed a deep troll
  2309 | D        | Killed a troll
  2309 | D        | Reached skill level 18 in Dodging
  2309 | D        | Reached XP level 11. HP: 63/65 MP: 20/20
  2311 | D        | Found Joocolur's Book Shoppe.
  2315 | D        | Found Sotwon's General Store.
  2317 | D        | Noticed a deep troll
  2318 | D        | Found Deudduurr's Assorted Antiques.
  2320 | D        | Noticed a hill giant
  2324 | D        | Noticed a hill giant
  2328 | D        | Noticed a troll
  2328 | D        | Killed a deep troll
  2350 | D        | Killed a hill giant
  2350 | D        | Reached skill level 13 in Short Blades
  2350 | D        | Reached skill level 11 in Evocations
  2359 | D        | Killed a hill giant
  2359 | D        | Reached skill level 13 in Stealth
  2363 | D        | Killed a troll
  2374 | D        | Noticed a troll
  2375 | D        | Noticed a troll
  2386 | D        | Killed a troll
  2393 | D        | Killed a troll
  2431 | D        | Bought a heavily runed fire dragon armour for 1690 gold pieces
  2441 | D        | Identified the +7 fire dragon armour of the Pleiades {*Confuse rF++ rC- MP+9 Dex+2 Stlth+, rF++ rC-} (You bought it in a shop in the Dungeon)
  2455 | D        | Bought a scroll of blinking for 90 gold pieces
  2509 | D        | Noticed a wraith
  2510 | D        | Noticed a wraith
  2511 | D        | Noticed a wraith
  2512 | D        | Noticed Josephine
  2513 | D        | Noticed a wraith
  2514 | D        | Noticed a wraith
  2518 | D        | Killed a wraith
  2526 | D        | Killed a wraith
  2538 | D        | Killed Josephine
  2538 | D        | Reached skill level 12 in Fighting
  2542 | D        | Killed a wraith
  2551 | D        | Killed a wraith
  2557 | D        | Killed a wraith
  2566 | D        | Received a gift from Nemelex Xobeh
  2843 | D        | Noticed a white ugly thing
  2843 | D        | Noticed a crimson imp
  2843 | D        | Noticed a catoblepas
  2843 | D        | Noticed a griffon
  2843 | D        | Noticed a giant frog
  2844 | D        | Noticed a wraith
  2850 | D        | Noticed a fire dragon
  2852 | D        | Killed a white ugly thing
  2852 | D        | Reached skill level 19 in Dodging
  2855 | D        | Killed a crimson imp
  2878 | D        | Killed a catoblepas
  2878 | D        | Reached skill level 14 in Short Blades
  2888 | D        | Killed a griffon
  2888 | D        | Reached skill level 14 in Stealth
  2888 | D        | Reached skill level 12 in Evocations
  2994 | D        | Killed a giant frog
  4067 | D        | Killed a fire dragon
  4083 | D        | Noticed a fire giant
  4092 | D        | Killed a fire giant
  4099 | D        | Noticed a gargoyle
  4116 | D        | Killed a wraith
  4148 | D        | Killed a gargoyle
  4322 | D        | Noticed a stone giant
  4323 | D        | Noticed a komodo dragon
  4349 | D        | Killed a stone giant
  4349 | D        | Reached skill level 13 in Fighting
  4349 | D        | Reached skill level 20 in Dodging
  4350 | D        | Noticed a fire giant
  4440 | D        | Killed a fire giant
  4440 | D        | Reached skill level 15 in Short Blades
  4440 | D        | Reached skill level 15 in Stealth
  4440 | D        | Reached XP level 12. HP: 44/73 MP: 22/22
  4586 | D        | Noticed a tengu conjurer
  4591 | D        | Noticed a stone giant
  4596 | D        | Killed a tengu conjurer
  4596 | D        | Reached skill level 13 in Evocations
  4829 | D        | Killed a stone giant
  4978 | D        | Noticed Norris
  5010 | D        | Killed Norris
  5010 | D        | Reached skill level 16 in Short Blades
  5010 | D        | Reached skill level 21 in Dodging
  5010 | D        | Reached skill level 16 in Stealth
  5042 | D        | Received a gift from Nemelex Xobeh
  5080 | D        | Noticed a swamp drake
  5080 | D        | Noticed a slime creature
  5080 | D        | Noticed a swamp drake
  5080 | D        | Noticed a thorn hunter
  5080 | D        | Noticed a ghost crab
  5080 | D        | Noticed a giant leech
  5081 | D        | Noticed an alligator
  5082 | D        | Killed a swamp drake
  5083 | D        | Noticed a vampire mosquito
  5086 | D        | Killed a slime creature
  5087 | D        | Noticed a giant leech
  5096 | D        | Killed a giant leech
  5097 | D        | Killed a thorn hunter
  5097 | D        | Reached skill level 14 in Fighting
  5402 | D        | Killed a giant leech
  5424 | D        | Killed a vampire mosquito
  5424 | D        | Reached skill level 14 in Evocations
  5433 | D        | Noticed a merfolk aquamancer
  5433 | D        | Noticed a merfolk
  5433 | D        | Noticed a sea snake
  5433 | D        | Noticed a siren
  5433 | D        | Noticed a merfolk impaler
  5433 | D        | Noticed a sea snake
  5434 | D        | Noticed a snapping turtle
  5435 | D        | Killed a merfolk aquamancer
  5436 | D        | Noticed a harpy
  5445 | D        | Killed a merfolk
  5445 | D        | Reached skill level 22 in Dodging
  5450 | D        | Killed a sea snake
  5451 | D        | Noticed a sea snake
  5466 | D        | Killed a merfolk impaler
  5475 | D        | Killed a snapping turtle
  5483 | D        | Killed a harpy
  5495 | D        | Killed a sea snake
  5495 | D        | Reached skill level 17 in Short Blades
  5663 | D        | Noticed a shock serpent
  5663 | D        | Noticed a naga sharpshooter
  5663 | D        | Noticed a naga sharpshooter
  5663 | D        | Noticed a naga
  5663 | D        | Noticed a naga ritualist
  5663 | D        | Noticed a guardian serpent
  5664 | D        | Noticed a black mamba
  6817 | D        | Killed a shock serpent
  6817 | D        | Reached XP level 13. HP: 17/79 MP: 4/24
  6835 | D        | Killed a naga
  7380 | D        | Killed a naga sharpshooter
  7380 | D        | Reached skill level 17 in Stealth
  7412 | D        | Killed a naga ritualist
  7783 | D        | Killed a naga sharpshooter
  7815 | D        | Killed a guardian serpent
  7825 | D        | Killed a black mamba
  7833 | D        | Noticed a naga warrior
  7837 | D        | Noticed an anaconda
  7848 | D        | Killed a naga warrior
  7859 | D        | Killed an anaconda
  7859 | D        | Reached skill level 23 in Dodging
  8053 | D        | Reached **** piety under Nemelex Xobeh
  8053 | D        | Noticed a redback
  8053 | D        | Noticed a wolf spider
  8053 | D        | Noticed an orb spider
  8053 | D        | Noticed a wolf spider
  8053 | D        | Noticed a wolf spider
  8054 | D        | Noticed an orb spider
  8055 | D        | Killed a redback
  8056 | D        | Noticed a moth of wrath
  8057 | D        | Killed a wolf spider
  8057 | D        | Reached skill level 15 in Fighting
  8058 | D        | Noticed a wolf spider
  8059 | D        | Killed an orb spider
  8059 | D        | Reached skill level 15 in Evocations
  8061 | D        | Noticed a trapdoor spider
  8061 | D        | Killed a wolf spider
  8076 | D        | Killed a wolf spider
  8085 | D        | Killed a moth of wrath
  8186 | D        | Killed a wolf spider
  8228 | D        | Noticed Mennas
  8314 | D        | HP: 2/81 [Mennas/scimitar of holy wrath (19)]
  8781 | D        | Killed a trapdoor spider
 11896 | D        | Got out of the dungeon alive.

Table legend:
 A = Turns spent in this place as a percentage of turns spent in the entire game.
 B = Non-inter-level travel turns spent in this place as a percentage of non-inter-level travel turns spent in the entire game.
 C = Inter-level travel turns spent in this place as a percentage of turns spent in this place.
 D = Turns resting spent in this place as a percentage of non-inter-level travel turns spent in this place.
 E = Turns spent auto-exploring this place as a percentage of non-inter-level travel turns spent in this place.
 F = Non-inter-level travel turns spent in this place divided by the number of levels of this place that you've seen.
                   A       B       C       D       E      F
               +-------+-------+-------+-------+-------+----------------------
         Total | 100.0 | 100.0 |   0.4 |   3.9 |   0.6 | 3239.0
       Dungeon | 100.0 | 100.0 |   0.4 |   3.9 |   0.6 | 3239.0
               +-------+-------+-------+-------+-------+----------------------

Table legend:
 A = Kills in this place as a percentage of kills in entire the game.
 B = Kills by you in this place as a percentage of kills by you in the entire game.
 C = Kills by friends in this place as a percentage of kills by friends in the entire game.
 D = Other kills in this place as a percentage of other kills in the entire game.
 E = Experience gained in this place as a percentage of experience gained in the entire game.
 F = Experience gained in this place divided by the number of levels of this place that you have seen.
                   A       B       C       D       E      F
               +-------+-------+-------+-------+-------+----------------------
         Total | 100.0 | 100.0 | 100.0 | 100.0 | 100.0 | 47879.0
       Dungeon | 100.0 | 100.0 | 100.0 | 100.0 | 100.0 | 47879.0
               +-------+-------+-------+-------+-------+----------------------

Vanquished Creatures
  Norris (D)
  A thorn hunter (D)
  2 fire giants (D)
  2 stone giants (D)
  A fire dragon (D)
  A merfolk impaler (D)
  Josephine (D)
  A naga warrior (D)
  A merfolk aquamancer (D)
  Erica (D)
  An anaconda (D)
  A catoblepas (D)
  2 naga sharpshooters (D)
  A shock serpent (D)
  2 sea snakes (D)
  A naga ritualist (D)
  A harpy (D)
  4 wolf spiders (D)
  A griffon (D)
  A lindwurm (shapeshifter) (D)
  An orb spider (D)
  An elephant (D)
  An ugly thing (D)
  A black mamba (D)
  A manticore (D)
  A guardian serpent (D)
  2 spiny frogs (D)
  A gargoyle (D)
  A moth of wrath (D)
  A komodo dragon (D)
  A yaktaur (D)
  A fire drake (D)
  A tengu conjurer (D)
  A merfolk (D)
  A blink frog (D)
  A giant leech (D)
  A snapping turtle (D)
  A trapdoor spider (D)
  A slime creature (D)
  A redback (D)
  6 wraiths (D)
  A wyvern (D)
  Eustachio (D)
  A yak (D)
  A steam dragon (D)
  A naga (D)
  3 wolves (D)
  A hell hound (D)
  A warg (D)
  3 orc warriors (D)
  A vampire mosquito (D)
  A swamp drake (D)
  A water moccasin (D)
  A wasp (D)
  2 porcupines (D)
  2 centaurs (D)
  2 crocodiles (D)
  4 giant frogs (D)
  A wight (D)
  3 crimson imps (D)
  A quasit (D)
  An iguana (D)
  4 orc wizards (D)
  3 orc priests (D)
  2 river rats (D)
  A worker ant (D)
  An adder (D)
  2 shadow imps (D)
  4 orcs (D)
  A hobgoblin (D)
  A kobold (D)
  A giant cockroach zombie (D)
  2 giant newts (D)
  2 goblins (D)
  A quokka zombie (D)
  A rat (D)
113 creatures vanquished.

Vanquished Creatures (collateral kills)
  4 deep trolls (D)
  5 hill giants (D)
  A spiny frog (D)
  5 trolls (D)
  A wolf (D)
  A warg (D)
  A hell hound (D)
  A water moccasin (D)
  An ice beast (D)
  A giant frog (D)
  2 orc wizards (D)
  A worker ant (D)
  A river rat (D)
25 creatures vanquished.

Vanquished Creatures (others)
  A giant leech (D)
  A river rat (D)
2 creatures vanquished.

Grand Total: 140 creatures vanquished
